| TOP OF THE 1ST |
|
Oakland (APP) Athletics batting - Pitching for Baltimore (APP) Orioles : RHP Bryant Orr
|
|
Pitching: RHP Bryant Orr
|
|
|
Batting: RHB Matt Sherard
|
0-0: Foul Ball, location: 2F 0-1: Foul Ball, location: 2F 0-2: Ball 1-2: Foul Ball, location: 2F 1-2: Foul Ball, location: 2F 1-2: Ball 2-2: Strikes out looking
|
|
Batting: SHB Robert Santiago
|
0-0: Called Strike 0-1: Ball 1-1: Foul Ball, location: 2F 1-2: Ball 2-2: Fly out, F8 (Line Drive, 8LD, EV 105.6 MPH)
|
|
Batting: LHB Nick Pacheco
|
0-0: Ball 1-0: Swinging Strike 1-1: Swinging Strike 1-2: Ball 2-2: Strikes out looking
|
| Top of the 1st over - 0 runs, 0 hits, 0 errors, 0 left on base; Oakland (APP) 0 - Baltimore (APP) 0 |
| BOTTOM OF THE 1ST |
|
Baltimore (APP) Orioles batting - Pitching for Oakland (APP) Athletics : RHP Emilio Gonzalez
|
|
Pitching: RHP Emilio Gonzalez
|
|
|
Batting: RHB Mike Zepeda
|
0-0: Called Strike 0-1: Foul Ball, location: 2F 0-2: Foul Ball, location: 2F 0-2: Foul Ball, location: 2F 0-2: Ground out 6-3 (Groundball, 6, EV 98.8 MPH)
|
|
Batting: RHB Danny Baeza
|
0-0: Ball 1-0: Called Strike 1-1: Ball 2-1: Swinging Strike 2-2: Ball 3-2: Strikes out swinging
|
|
Batting: RHB Daniel Jackson
|
0-0: Ball 1-0: DOUBLE (Line Drive, 7LS, EV 94.4 MPH)
|
|
Batting: LHB Justin Moore
|
0-0: Ball 1-0: Called Strike 1-1: Swinging Strike 1-2: Ball 2-2: Ball 3-2: Foul Ball, location: 2F 3-2: Foul Ball, location: 2F 3-2: Base on Balls
|
|
Batting: RHB Matt O'Dea
|
0-0: Called Strike 0-1: Ground out 5-3 (Groundball, 56S, EV 90.6 MPH)
|
| Bottom of the 1st over - 0 runs, 1 hit, 0 errors, 2 left on base; Oakland (APP) 0 - Baltimore (APP) 0 |
| TOP OF THE 2ND |
|
Oakland (APP) Athletics batting - Pitching for Baltimore (APP) Orioles : RHP Bryant Orr
|
|
Batting: RHB Moses Brokken
|
0-0: Called Strike 0-1: Swinging Strike 0-2: Ball 1-2: Ball 2-2: Foul Ball, location: 2F 2-2: Strikes out looking
|
|
Batting: LHB Miguel Torres
|
0-0: Foul Ball, location: 2F 0-1: Ball 1-1: Ball 2-1: SINGLE (Groundball, 34D, EV 97.5 MPH)
|
|
Batting: RHB Zack DiCicco
|
0-0: Hit by Pitch Miguel Torres to second
|
|
Batting: RHB Dave Vezina
|
0-0: Called Strike 0-1: Called Strike 0-2: Ball 1-2: Foul Ball, location: 2F 1-2: Strikes out swinging
|
|
Batting: RHB Colin Coleman
|
0-0: Called Strike 0-1: Swinging Strike 0-2: Ball 1-2: Strikes out looking
|
| Top of the 2nd over - 0 runs, 1 hit, 0 errors, 2 left on base; Oakland (APP) 0 - Baltimore (APP) 0 |
| BOTTOM OF THE 2ND |
|
Baltimore (APP) Orioles batting - Pitching for Oakland (APP) Athletics : RHP Emilio Gonzalez
|
|
Batting: RHB Steve Jones
|
0-0: Ball 1-0: SINGLE (Line Drive, 56, EV 96.2 MPH)
|
|
Batting: RHB Ben Sutton
|
0-0: Called Strike 0-1: Ball 1-1: Ball Steve Jones steals 2nd base 2-1: Foul Ball, location: 2F 2-2: Ball 3-2: TRIPLE (Line Drive, 78XD, EV 103.8 MPH) Steve Jones scores
|
|
Batting: RHB Honório Szenes
|
0-0: Called Strike 0-1: Ball 1-1: Ball 2-1: Fly out, F7 (Flyball, 78M, EV 92.5 MPH) Runner from 3rd tags up, SCORES, throw by LF
|
|
Batting: RHB Matt Berrier
|
0-0: Ball 1-0: Foul Ball, location: 2F 1-1: Ball 2-1: Called Strike 2-2: Ball 3-2: Base on Balls
|
|
Batting: RHB Mike Zepeda
|
0-0: Called Strike 0-1: Swinging Strike 0-2: Ball 1-2: Foul Ball, location: 2F 1-2: Grounds into double play, 6-4-3 (Groundball, 6, EV 80.0 MPH)
|
| Bottom of the 2nd over - 2 runs, 2 hits, 0 errors, 0 left on base; Oakland (APP) 0 - Baltimore (APP) 2 |
| TOP OF THE 3RD |
|
Oakland (APP) Athletics batting - Pitching for Baltimore (APP) Orioles : RHP Bryant Orr
|
|
Batting: RHB Brian Callaghan
|
0-0: Ground out 6-3 (Groundball, 6, EV 86.9 MPH)
|
|
DELAY
|
Rain delay of 34 minutes in the 3rd inning.
|
|
Batting: RHB Matt Sherard
|
0-0: Ball 1-0: Ball 2-0: Called Strike 2-1: Foul Ball, location: 2F 2-2: Foul Ball, location: 2F 2-2: Ball 3-2: Fly out, F8 (Flyball, 8RXD, EV 98.1 MPH)
|
|
Batting: SHB Robert Santiago
|
0-0: Ball 1-0: Called Strike 1-1: Swinging Strike 1-2: Strikes out swinging
|
| Top of the 3rd over - 0 runs, 0 hits, 0 errors, 0 left on base; Oakland (APP) 0 - Baltimore (APP) 2 |
| BOTTOM OF THE 3RD |
|
Baltimore (APP) Orioles batting - Pitching for Oakland (APP) Athletics : RHP Emilio Gonzalez
|
|
Batting: RHB Danny Baeza
|
0-0: Ball 1-0: Called Strike 1-1: Swinging Strike 1-2: Fly out, F4 (Popup, 13S, EV 94.4 MPH)
|
|
Batting: RHB Daniel Jackson
|
0-0: Ball 1-0: Ground out 5-3 (Groundball, 56S, EV 85.6 MPH)
|
|
Batting: LHB Justin Moore
|
0-0: Ball 1-0: Foul Ball, location: 2F 1-1: Fly out, F8 (Flyball, 78D, EV 87.5 MPH)
|
| Bottom of the 3rd over - 0 runs, 0 hits, 0 errors, 0 left on base; Oakland (APP) 0 - Baltimore (APP) 2 |
| TOP OF THE 4TH |
|
Oakland (APP) Athletics batting - Pitching for Baltimore (APP) Orioles : RHP Bryant Orr
|
|
Batting: LHB Nick Pacheco
|
0-0: Ball 1-0: Ball 2-0: Swinging Strike 2-1: Swinging Strike 2-2: Ball 3-2: Foul Ball, location: 2F 3-2: Ground out U3 (Groundball, 3L, EV 86.9 MPH)
|
|
Batting: RHB Moses Brokken
|
0-0: Ball 1-0: Called Strike 1-1: Ball 2-1: Swinging Strike 2-2: Ball 3-2: Foul Ball, location: 2F 3-2: Foul Ball, location: 2F 3-2: Foul Ball, location: 2F 3-2: Base on Balls
|
|
Batting: LHB Miguel Torres
|
0-0: Called Strike 0-1: Foul Ball, location: 2F 0-2: Ball 1-2: 2-RUN HOME RUN (Flyball, 9D, EV 99.4 MPH), Distance : 393 ft
|
|
Batting: RHB Zack DiCicco
|
0-0: Called Strike 0-1: Ball 1-1: SINGLE (Groundball, 6MD, EV 107.5 MPH)
|
|
Batting: RHB Dave Vezina
|
0-0: Called Strike 0-1: Ball Zack DiCicco is caught stealing 2nd base 2-4 1-1: Called Strike 1-2: Ball 2-2: Foul Ball, location: 2F 2-2: SOLO HOME RUN (Flyball, 7LD, EV 97.5 MPH), Distance : 367 ft
|
|
Batting: RHB Colin Coleman
|
0-0: Foul Ball, location: 2F 0-1: Ball 1-1: Foul Ball, location: 2F 1-2: Ball 2-2: Foul Ball, location: 2F 2-2: Strikes out swinging
|
| Top of the 4th over - 3 runs, 3 hits, 0 errors, 0 left on base; Oakland (APP) 3 - Baltimore (APP) 2 |
| BOTTOM OF THE 4TH |
|
Baltimore (APP) Orioles batting - Pitching for Oakland (APP) Athletics : RHP Emilio Gonzalez
|
|
Batting: RHB Matt O'Dea
|
0-0: Called Strike 0-1: Ball 1-1: Foul Ball, location: 2F 1-2: Fly out, F7 (Flyball, 7D, EV 80.6 MPH)
|
|
Batting: RHB Steve Jones
|
0-0: SOLO HOME RUN (Flyball, 9D, EV 98.8 MPH), Distance : 392 ft
|
|
Batting: RHB Ben Sutton
|
0-0: Called Strike 0-1: Foul Ball, location: 2F 0-2: Ball 1-2: Foul Ball, location: 2F 1-2: Ball 2-2: Ball 3-2: Foul Ball, location: 2F 3-2: SOLO HOME RUN (Flyball, 7D, EV 106.2 MPH), Distance : 397 ft
|
|
Batting: RHB Honório Szenes
|
0-0: Ball 1-0: Ground out 3-1 (Groundball, 34S, EV 76.9 MPH)
|
|
Batting: RHB Matt Berrier
|
0-0: Foul Ball, location: 2F 0-1: Ball 1-1: Ball 2-1: Foul Ball, location: 2F 2-2: Ball 3-2: Fly out, F4 (Popup, 4M, EV 61.9 MPH)
|
| Bottom of the 4th over - 2 runs, 2 hits, 0 errors, 0 left on base; Oakland (APP) 3 - Baltimore (APP) 4 |
| TOP OF THE 5TH |
|
Oakland (APP) Athletics batting - Pitching for Baltimore (APP) Orioles : RHP Bryant Orr
|
|
Batting: RHB Brian Callaghan
|
0-0: Called Strike 0-1: Ball 1-1: Ball 2-1: Called Strike 2-2: Ground out 6-3 (Groundball, 6M, EV 91.2 MPH)
|
|
Batting: RHB Matt Sherard
|
0-0: Ball 1-0: SOLO HOME RUN (Flyball, 7LD, EV 92.5 MPH), Distance : 347 ft
|
|
Batting: SHB Robert Santiago
|
0-0: Ball 1-0: Ball 2-0: DOUBLE (Groundball, 3L, EV 100.6 MPH)
|
|
Batting: LHB Nick Pacheco
|
0-0: Called Strike Robert Santiago steals 3rd base 0-1: Ball 1-1: Ball 2-1: Ball Wild Pitch! Robert Santiago scores 3-1: Fly out, F5 (Line Drive, 5, EV 74.4 MPH)
|
|
Batting: RHB Moses Brokken
|
0-0: Ball 1-0: Ball 2-0: Fly out, F6 (Flyball, 56D, EV 88.1 MPH)
|
| Top of the 5th over - 2 runs, 2 hits, 0 errors, 0 left on base; Oakland (APP) 5 - Baltimore (APP) 4 |
| BOTTOM OF THE 5TH |
|
Baltimore (APP) Orioles batting - Pitching for Oakland (APP) Athletics : RHP Emilio Gonzalez
|
|
Batting: RHB Mike Zepeda
|
0-0: Ground out 4-3 (Groundball, 4, EV 80.0 MPH)
|
|
Batting: RHB Danny Baeza
|
0-0: Ball 1-0: Called Strike 1-1: Foul Ball, location: 2F 1-2: Strikes out swinging
|
|
Batting: RHB Daniel Jackson
|
0-0: Ball 1-0: Foul Ball, location: 2F 1-1: Called Strike 1-2: Fly out, F8 (Flyball, 78D, EV 96.9 MPH)
|
| Bottom of the 5th over - 0 runs, 0 hits, 0 errors, 0 left on base; Oakland (APP) 5 - Baltimore (APP) 4 |
| TOP OF THE 6TH |
|
Oakland (APP) Athletics batting - Pitching for Baltimore (APP) Orioles : RHP Bryant Orr
|
|
Pitching: RHP Oscar Chacon
|
|
|
Batting: LHB Miguel Torres
|
0-0: Ball 1-0: Ground out 6-3 (Groundball, 6M, EV 106.2 MPH)
|
|
Batting: RHB Zack DiCicco
|
0-0: Foul Ball, location: 2F 0-1: Ball 1-1: Foul Ball, location: 2F 1-2: Ground out 4-3 (Groundball, 4M, EV 98.8 MPH)
|
|
Batting: RHB Dave Vezina
|
0-0: Foul Ball, location: 2F 0-1: Swinging Strike 0-2: Strikes out looking
|
| Top of the 6th over - 0 runs, 0 hits, 0 errors, 0 left on base; Oakland (APP) 5 - Baltimore (APP) 4 |
| BOTTOM OF THE 6TH |
|
Baltimore (APP) Orioles batting - Pitching for Oakland (APP) Athletics : RHP Emilio Gonzalez
|
|
Batting: LHB Justin Moore
|
0-0: Ball 1-0: Ball 2-0: Foul Ball, location: 2F 2-1: Ball 3-1: Swinging Strike 3-2: Fly out, F9 (Flyball, 89M, EV 73.1 MPH)
|
|
Batting: RHB Matt O'Dea
|
0-0: Ball 1-0: Ball 2-0: Called Strike 2-1: Foul Ball, location: 2F 2-2: Strikes out swinging
|
|
Batting: RHB Steve Jones
|
0-0: SINGLE (Groundball, 6MD, EV 103.1 MPH)
|
|
Batting: RHB Ben Sutton
|
0-0: Foul Ball, location: 2F 0-1: Ball 1-1: Called Strike 1-2: Hit by Pitch Steve Jones to second
|
|
Batting: RHB Honório Szenes
|
0-0: Called Strike 0-1: Swinging Strike 0-2: Strikes out swinging
|
| Bottom of the 6th over - 0 runs, 1 hit, 0 errors, 2 left on base; Oakland (APP) 5 - Baltimore (APP) 4 |
| TOP OF THE 7TH |
|
Oakland (APP) Athletics batting - Pitching for Baltimore (APP) Orioles : RHP Oscar Chacon
|
|
Pitching: RHP Angel Gonzales
|
|
|
Batting: RHB Colin Coleman
|
0-0: Called Strike 0-1: Ball 1-1: Ball 2-1: Ball 3-1: Called Strike 3-2: SINGLE (Line Drive, 34D, EV 94.4 MPH)
|
|
Batting: RHB Brian Callaghan
|
0-0: Ball 1-0: Called Strike 1-1: Bunted foul 1-2: Ball Wild Pitch! Colin Coleman to second 2-2: Foul Ball, location: 2F 2-2: SINGLE (Line Drive, 78S, EV 100.0 MPH) Colin Coleman to third Runner from 3rd tries for Home, SAFE, throw by LF to home
|
|
Batting: RHB Matt Sherard
|
0-0: Called Strike Brian Callaghan is caught stealing 2nd base 2-4 0-1: Ball 1-1: Ball 2-1: Ball 3-1: Fly out, F9 (Line Drive, 9, EV 104.4 MPH)
|
|
Batting: SHB Robert Santiago
|
0-0: Ball 1-0: Ball 2-0: Ball 3-0: Base on Balls
|
|
Batting: LHB Nick Pacheco
|
0-0: Ball Robert Santiago steals 2nd base 1-0: Foul Ball, location: 2F 1-1: Swinging Strike 1-2: Strikes out swinging
|
| Top of the 7th over - 1 run, 2 hits, 0 errors, 1 left on base; Oakland (APP) 6 - Baltimore (APP) 4 |
| BOTTOM OF THE 7TH |
|
Baltimore (APP) Orioles batting - Pitching for Oakland (APP) Athletics : RHP Emilio Gonzalez
|
|
Pitching: RHP Jaylen Walker
|
|
|
Batting: RHB Matt Berrier
|
0-0: Swinging Strike 0-1: Ball 1-1: Foul Ball, location: 2F 1-2: Ball 2-2: Strikes out swinging
|
|
Batting: RHB Mike Zepeda
|
0-0: Ball 1-0: Called Strike 1-1: Ball 2-1: Foul Ball, location: 2F 2-2: Fly out, F9 (Flyball, 9LM, EV 95.6 MPH)
|
|
Batting: RHB Danny Baeza
|
0-0: Ball 1-0: Ball 2-0: Ball 3-0: Called Strike 3-1: Base on Balls
|
|
Batting: RHB Daniel Jackson
|
0-0: Called Strike Danny Baeza steals 2nd base 0-1: Ball 1-1: Reached on error, E5 (Groundball, 25, EV 86.2 MPH) Danny Baeza to third
|
|
Batting: LHB Justin Moore
|
0-0: Swinging Strike 0-1: Swinging Strike 0-2: Foul Ball, location: 2F 0-2: Strikes out swinging
|
| Bottom of the 7th over - 0 runs, 0 hits, 1 error, 2 left on base; Oakland (APP) 6 - Baltimore (APP) 4 |
| TOP OF THE 8TH |
|
Oakland (APP) Athletics batting - Pitching for Baltimore (APP) Orioles : RHP Angel Gonzales
|
|
Pitching: LHP Roger Farley
|
|
|
Batting: RHB Moses Brokken
|
0-0: Foul Ball, location: 2F 0-1: Ball 1-1: Called Strike 1-2: Foul Ball, location: 2F 1-2: Foul Ball, location: 2F 1-2: SOLO HOME RUN (Flyball, 7D, EV 111.2 MPH), Distance : 417 ft
|
|
Batting: LHB Miguel Torres
|
0-0: Called Strike 0-1: Ball 1-1: Foul Ball, location: 2F 1-2: Ball 2-2: Ball 3-2: Foul Ball, location: 2F 3-2: Strikes out swinging
|
|
Pitching: LHP Randall Rennie
|
|
|
Batting: RHB Zack DiCicco
|
0-0: Called Strike 0-1: Ball 1-1: Called Strike 1-2: Foul Ball, location: 2F 1-2: Ground out 5-3 (Groundball, 56, EV 85.6 MPH)
|
|
Batting: RHB Dave Vezina
|
0-0: Called Strike 0-1: Foul Ball, location: 2F 0-2: Foul Ball, location: 2F 0-2: SOLO HOME RUN (Flyball, 7D, EV 97.5 MPH), Distance : 394 ft
|
|
Batting: RHB Colin Coleman
|
0-0: Swinging Strike 0-1: Ball 1-1: Swinging Strike 1-2: DOUBLE (Line Drive, 3D, EV 99.4 MPH)
|
|
Batting: RHB Brian Callaghan
|
0-0: Ball 1-0: Swinging Strike 1-1: Ground out 6-3 (Groundball, 6, EV 96.2 MPH)
|
| Top of the 8th over - 2 runs, 3 hits, 0 errors, 1 left on base; Oakland (APP) 8 - Baltimore (APP) 4 |
| BOTTOM OF THE 8TH |
|
Baltimore (APP) Orioles batting - Pitching for Oakland (APP) Athletics : RHP Jaylen Walker
|
|
Pitching: RHP Gabe Gutierrez
|
|
|
Batting: RHB Matt O'Dea
|
0-0: Foul Ball, location: 2F 0-1: Swinging Strike 0-2: Ball 1-2: Ball 2-2: Reached on error, E8 (Line Drive, 8LD, EV 88.8 MPH)
|
|
Batting: RHB Steve Jones
|
0-0: Called Strike 0-1: Ball 1-1: Called Strike 1-2: DOUBLE (Line Drive, 7LD, EV 107.5 MPH) Matt O'Dea scores
|
|
Batting: RHB Ben Sutton
|
0-0: Ball 1-0: Called Strike 1-1: Ball 2-1: Ball 3-1: Fly out, F9 (Flyball, 9D, EV 99.4 MPH) Runner from 2nd tags up, SAFE at 3rd, no throw by RF
|
|
Batting: RHB Honório Szenes
|
0-0: Called Strike 0-1: Called Strike 0-2: Foul Ball, location: 2F 0-2: Strikes out swinging
|
|
Batting: RHB Matt Berrier
|
0-0: Ball 1-0: Ball 2-0: Called Strike 2-1: SINGLE (Groundball, 56D, EV 109.4 MPH) Steve Jones scores
|
|
Batting: RHB Mike Zepeda
|
0-0: Called Strike 0-1: Ball 1-1: Called Strike 1-2: Strikes out swinging
|
| Bottom of the 8th over - 2 runs, 2 hits, 1 error, 1 left on base; Oakland (APP) 8 - Baltimore (APP) 6 |
| TOP OF THE 9TH |
|
Oakland (APP) Athletics batting - Pitching for Baltimore (APP) Orioles : LHP Randall Rennie
|
|
Batting: RHB Matt Sherard
|
0-0: Ground out U3 (Groundball, 3, EV 82.5 MPH)
|
|
Batting: SHB Robert Santiago
|
0-0: Ball 1-0: DOUBLE (Line Drive, 9LS, EV 110.0 MPH)
|
|
Batting: LHB Nick Pacheco
|
0-0: Ball 1-0: Ball 2-0: Called Strike 2-1: Called Strike 2-2: Ball 3-2: Foul Ball, location: 2F 3-2: Foul Ball, location: 2F 3-2: Foul Ball, location: 2F 3-2: Base on Balls
|
|
Batting: RHB Moses Brokken
|
0-0: Ball 1-0: Foul Ball, location: 2F 1-1: Ball 2-1: Foul Ball, location: 2F 2-2: Fly out, F8 (Flyball, 8LD, EV 107.5 MPH)
|
|
Batting: LHB Miguel Torres
|
0-0: Ground out 4-3 (Groundball, 4, EV 80.0 MPH)
|
| Top of the 9th over - 0 runs, 1 hit, 0 errors, 2 left on base; Oakland (APP) 8 - Baltimore (APP) 6 |
| BOTTOM OF THE 9TH |
|
Baltimore (APP) Orioles batting - Pitching for Oakland (APP) Athletics : RHP Gabe Gutierrez
|
|
Pitching: RHP Mike Danielson
|
|
|
Now at 1B: Cy Ostrowski
|
|
|
Now in RF: Mike Adams
|
|
|
Batting: RHB Danny Baeza
|
0-0: Called Strike 0-1: Fly out, F4 (Popup, 34S, EV 88.8 MPH)
|
|
Batting: RHB Daniel Jackson
|
0-0: Called Strike 0-1: Ball 1-1: DOUBLE (Groundball, 5L, EV 107.5 MPH)
|
|
Batting: LHB Justin Moore
|
0-0: Foul Ball, location: 2F 0-1: Ball 1-1: Ball 2-1: Ball 3-1: Called Strike 3-2: Foul Ball, location: 2F 3-2: Strikes out looking
|
|
Batting: RHB Matt O'Dea
|
0-0: Called Strike 0-1: Ball 1-1: Fly out, F3 (Popup, 3D, EV 69.4 MPH)
|
| Bottom of the 9th over - 0 runs, 1 hit, 0 errors, 1 left on base; Oakland (APP) 8 - Baltimore (APP) 6 |
|